 Dungeon Crawl Stone Soup version 0.22-a0-558-gc224181 (webtiles) character file.

13117 Gospel the Arsonist (level 11, -7/81 HPs)
             Began as a Mummy Fire Elementalist on June 27, 2018.
             Mangled by a troll (12 damage)
             ... on level 2 of the Orcish Mines.
             The game lasted 00:49:12 (20319 turns).

Gospel the Arsonist (Mummy Fire Elementalist)      Turns: 20319, Time: 00:49:12

Health: -7/81      AC:  8    Str: 11    XL:     11   Next: 71%
Magic:  10/23      EV: 13    Int: 21    God:
Gold:   452        SH:  3    Dex: 13    Spells: 7/27 levels left

rFire    x . .     SeeInvis +   G - +5 longbow (flame)
rCold    + . .     Gourm    .   (shield currently unavailable)
rNeg     + + +     Faith    .   g - +0 robe
rPois    ∞         Spirit   .   y - +2 helmet {SInv}
rElec    .         Reflect  +   a - +1 cloak {MR+}
rCorr    .         Harm     .   b - +0 pair of gloves
MR       ++...                  (no boots)
Stlth    ++........             e - +3 amulet of reflection
HPRegen  0.23/turn              q - +3 ring of intelligence
MPRegen  0.18/turn              t - +1 ring of evasion

@: no status effects
A: no food or potions, fire vulnerability, cold resistance 1, negative energy
resistance 3, torment resistance, unbreathing
a: no special abilities


You were on level 2 of the Orcish Mines.
You were not hungry.

You visited 3 branches of the dungeon, and saw 16 of its levels.
You visited 1 bazaar.
You also visited: Ossuary.

You collected 753 gold pieces.
You spent 301 gold pieces at shops.

Inventory:

Hand Weapons
 p - a +5 dagger of flaming
 G - a +5 longbow of flaming (weapon)
 H - a +1 shortbow of velocity
Missiles
 v - 79 arrows (quivered)
Armour
 a - a +1 cloak of magic resistance (worn)
 b - a +0 pair of gloves (worn)
 g - a +0 robe (worn)
 w - the +1 ring mail of Circular Logic {rCorr}
   (You found it on level 7 of the Dungeon)

   It protects you from acid and corrosion.
 y - a +2 helmet of see invisible (worn)
 E - a +2 hat
Jewellery
 e - a +3 amulet of reflection (around neck)
 q - a +3 ring of intelligence (left hand)
 t - a +1 ring of evasion (right hand)
Wands
 c - a wand of scattershot (6)
 i - a wand of polymorph (31)
 r - a wand of paralysis (36)
 A - a wand of flame (11)
 B - a wand of acid (16)
 D - a wand of iceblast (7)
Scrolls
 d - 3 scrolls of noise
 h - 3 scrolls of identify
 k - 7 scrolls of teleportation
 l - 6 scrolls of amnesia
 m - 5 scrolls of magic mapping
 o - 2 scrolls of remove curse
 s - 2 scrolls of fear
Miscellaneous
 u - a fan of gales


   Skills:
 + Level 5.7 Fighting
 - Level 2.2 Short Blades
 + Level 2.3 Bows
 - Level 1.5 Dodging
 - Level 1.5 Stealth
 + Level 8.5 Spellcasting
 + Level 9.1 Conjurations
 - Level 2.4 Translocations
 + Level 9.4 Fire Magic
 - Level 2.5 Air Magic
 - Level 2.4 Poison Magic


You had 7 spell levels left.
You knew the following spells:

 Your Spells              Type           Power        Failure   Level  Hunger
a - Flame Tongue          Conj/Fire      #####        1%          1    N/A
b - Throw Flame           Conj/Fire      #####.       1%          2    N/A
c - Conjure Flame         Conj/Fire      #####...     1%          3    N/A
d - Blink                 Tloc           N/A          4%          2    N/A
e - Mephitic Cloud        Conj/Pois/Air  ####....     3%          3    N/A
f - Sticky Flame          Conj/Fire      #####...     1%          4    N/A
g - Fireball              Conj/Fire      #####.....   4%          5    N/A

Your spell library contained the following spells:

 Spells                   Type           Power        Failure   Level  Hunger
 Cause Fear               Hex            #.........   58%         4    N/A
 Magic Dart               Conj           ####         1%          1    N/A
 Apportation              Tloc           ###...       2%          1    N/A
 Lightning Bolt           Conj/Air       ####......   19%         5    N/A
 Slow                     Hex            #.......     12%         2    N/A
 Confuse                  Hex            #.......     22%         3    N/A
 Venom Bolt               Conj/Pois      ####......   19%         5    N/A
 Olgreb's Toxic Radiance  Pois           ###.....     26%         4    N/A
 Summon Small Mammal      Summ           #...         8%          1    N/A
 Animate Skeleton         Necr           N/A          8%          1    N/A
 Call Imp                 Summ           #.......     12%         2    N/A
 Sting                    Conj/Pois      ####         1%          1    N/A
 Sublimation of Blood     Necr           #.........   12%         2    N/A
 Tukima's Dance           Hex            #.......     22%         3    N/A
 Deflect Missiles         Chrm/Air       ##........   100%        6    N/A
 Confusing Touch          Hex            #.....       8%          1    N/A
 Ignite Poison            Fire/Tmut/Pois ####....     4%          3    N/A
 Ensorcelled Hibernation  Hex/Ice        #.....       12%         2    N/A
 Silence                  Hex/Air        ##........   77%         5    N/A
 Shatter                  Erth           #.........   100%        9    N/A
 Static Discharge         Conj/Air       ####....     1%          3    N/A
 Corona                   Hex            #......      8%          1    N/A
 Alistair's Intoxication  Tmut/Pois      ##......     77%         5    N/A
 Portal Projectile        Hex/Tloc       ##....       14%         3    N/A
 Petrify                  Tmut/Erth      #.......     58%         4    N/A
 Tornado                  Air            ###.......   100%        9    N/A
 Leda's Liquefaction      Hex/Erth       #.........   58%         4    N/A
 Inner Flame              Hex/Fire       ####....     3%          3    N/A
 Dazzling Spray           Conj/Hex       ####..       3%          3    N/A
 Discord                  Hex            #.........   100%        8    N/A
 Irradiate                Conj/Tmut      ####......   32%         5    N/A
 Yara's Violent Unravell  Hex/Tmut       #.........   91%         5    N/A
 Poisonous Vapours        Pois/Air       ###...       4%          2    N/A
 Ignition                 Fire           #####.....   100%        8    N/A

Dungeon Overview and Level Annotations

Branches:
Dungeon (13/15)            Temple (1/1) D:5            Lair (0/6) D:8
    Orc (2/2) D:10
    Elf: Orc:2       Vaults: D:13-14

Altars:
Ashenzari
Cheibriados
Dithmenos
Elyvilon
Fedhas
Gozag
Hepliaklqana
Kikubaaqudgha
Makhleb
Nemelex Xobeh
Okawaru
Qazlal
Ru
Sif Muna
Trog
Uskayaw
Wu Jian
Xom
Yredelemnul
Zin
The Shining One

Shops:
D:2 *   D:6 !   D:8 [   D:9 *

Annotations:
D:5 1 runed door, Rexfelis's ghost, novice MfGl
Orc:2 1 runed door, Ef's ghost, journeyman OpTm; Snorg


Innate Abilities, Weirdness & Mutations

You do not eat or drink.
Your flesh is vulnerable to fire.
You are immune to poison.
Your flesh is cold resistant. (rC+)
You are immune to negative energy. (rN+++)
You are immune to unholy pain and torment.
You can survive without breathing.


Message History

You are too injured to fight recklessly!
Firing (i - inventory)
v - 80 arrows (quivered)
Press: ? - help, Shift-Dir - straight line, f/p - orc warrior
Aim: an orc warrior, wielding a broad axe and wearing a plate armour (confused)
You shoot an arrow.
The arrow barely misses the orc warrior.
The arrow hits the orc but does no damage.
An ettin comes into view. It is wielding two dire flails.
An orc wizard comes into view. It is wielding a dagger of speed.
An orc comes into view. It is wielding an enchanted flail.
You climb downwards.
Level annotation: 1 runed door, Ef's ghost, journeyman OpTm; Snorg The orc warrior hits you with a hand axe.
* * * LOW HITPOINT WARNING * * *
The troll bites you!
* * * LOW HITPOINT WARNING * * *
The troll claws you.
* * * LOW HITPOINT WARNING * * *
The troll claws you!
You die...

#.(....$(.#....... ....
###...)(.# #......
....##..(([[..###.....
.........#<[...#.....
........#.....#..#
#.o....###).....#
###.....####......###
.:#...oT..###.......#
+...$@...##..#...####
.$#..#.....#..##......##
### #.......###.#.....#
##......######...##
#......o##......#
##......T.......##
#..............##
#......#....$..###
......#####.....###


You could see Snorg, a troll, 2 orc warriors and an orc.

Vanquished Creatures
  2 two-headed ogres
  A death drake (shapeshifter) (D:12)
  An unseen horror (D:11)
  An orc sorcerer (Orc:2)
  2 cyclopes
  Maurice (D:12)
  A freezing wraith (D:12)
  A troll (D:12)
  2 hornets (D:12)
  A meliai zombie (D:12)
  A hippogriff (D:13)
  A vampire (D:12)
  4 yaks (D:12)
  A spriggan (D:7)
  A steam dragon (D:8)
  A hungry ghost (D:8)
  Menkaure (D:7)
  Edmund (D:6)
  4 wargs
  A black bear (D:12)
  2 eyes of draining (D:4)
  3 sky beasts
  3 ice beasts
  8 orc warriors
  A necrophage (D:6)
  3 phantoms
  6 ogres
  4 centaurs
  7 bullfrogs
  A gnoll sergeant (D:8)
  A wyvern skeleton (D:12)
  13 killer bees
  A scorpion (D:4)
  2 howler monkeys
  3 crimson imps
  2 quasits
  2 centaur zombies (D:6)
  3 centaur skeletons
  4 jellies
  Crazy Yiuf (D:7)
  2 orc priests
  8 hounds
  2 bullfrog skeletons
  Jessica (D:3)
  2 iguanas
  9 worker ants
  Terence (D:1)
  15 orc wizards
  A hound zombie (D:6)
  A hound skeleton (D:5)
  3 mummies
  2 worker ant zombies
  Robin (D:4)
  9 gnolls
  A howler monkey skeleton (D:5)
  15 adders
  2 shadow imps
  2 oozes
  An adder zombie (D:6)
  2 worms
  2 dart slugs
  7 leopard geckos
  51 orcs
  2 ball pythons
  8 bats
  9 giant cockroaches
  20 goblins
  11 hobgoblins
  8 jackals (D:4)
  7 quokkas
  6 frilled lizards
  8 kobolds
  A quokka skeleton (D:5)
  9 rats
328 creatures vanquished.

Vanquished Creatures (collateral kills)
  A killer bee (D:11)
1 creature vanquished.

Vanquished Creatures (others)
  2 withered plants (Orc:2)
2 creatures vanquished.

Grand Total: 331 creatures vanquished

Notes
Turn   | Place    | Note
-------+----------+-------------------------------------------
     0 | D:1      | Gospel the Mummy Fire Elementalist began the quest for the Orb.
     0 | D:1      | Reached XP level 1. HP: 13/13 MP: 4/4
    47 | D:1      | Reached skill level 1 in Conjurations
   232 | D:1      | Reached XP level 2. HP: 16/19 MP: 0/6
   729 | D:1      | Reached XP level 3. HP: 22/24 MP: 0/7
   943 | D:1      | Learned a level 2 spell: Throw Flame
   947 | D:1      | Learned a level 3 spell: Conjure Flame
  1725 | D:2      | Found Gozag's Platinum Reserve.
  1732 | D:2      | Noticed Terence
  1784 | D:1      | Killed Terence
  1784 | D:1      | Reached XP level 4. HP: 18/30 MP: 5/9
  2691 | D:3      | Found an ancient bone altar of Kikubaaqudgha.
  3399 | D:3      | Noticed Jessica
  3405 | D:3      | Killed Jessica
  3405 | D:3      | Reached XP level 5. HP: 29/35 MP: 6/11
  3495 | D:3      | Found a hazy altar of Hepliaklqana.
  3672 | D:4      | Noticed an eye of draining
  3897 | D:4      | Found a sand-covered staircase.
  3908 | Ossuary  | Entered an ossuary
  4094 | D:4      | Found a stormy altar of Qazlal.
  4503 | D:4      | Learned a level 2 spell: Blink
  4507 | D:4      | Learned a level 3 spell: Mephitic Cloud
  4559 | D:4      | Reached XP level 6. HP: 41/41 MP: 10/13
  4559 | D:4      | Noticed Robin
  4799 | D:4      | Killed Robin
  4945 | D:4      | Reached skill level 5 in Spellcasting
  5952 | D:4      | Reached skill level 1 in Translocations
  5952 | D:4      | Reached skill level 1 in Air Magic
  5952 | D:4      | Reached skill level 1 in Poison Magic
  6078 | D:4      | Found a bloodstained altar of Trog.
  6223 | D:2      | Found an opulent altar of Gozag.
  6738 | D:5      | Entered Level 5 of the Dungeon
  6743 | D:5      | Reached XP level 7. HP: 46/46 MP: 5/15
  6872 | D:4      | Learned a level 4 spell: Sticky Flame
  7661 | D:5      | Found a staircase to the Ecumenical Temple.
  8075 | D:5      | Noticed a two-headed ogre
  8143 | D:5      | Reached XP level 8. HP: 44/52 MP: 16/16
  8159 | D:5      | Found a glowing silver altar of Zin.
  8357 | D:5      | Found a runed door.
  8359 | D:5      | Noticed Rexfelis's ghost (novice MfGl)
  9210 | D:6      | Reached skill level 5 in Fire Magic
  9296 | D:6      | Noticed Edmund
  9302 | D:6      | Killed Edmund
  9483 | D:6      | Reached skill level 5 in Conjurations
  9854 | D:6      | Found Gueluf's Distillery.
 10031 | D:6      | Found a white marble altar of Elyvilon.
 10048 | D:6      | Reached XP level 9. HP: 50/57 MP: 9/17
 10241 | D:7      | Noticed Menkaure
 10245 | D:7      | Killed Menkaure
 10398 | D:7      | Found a blossoming altar of Fedhas.
 11004 | D:7      | Got a polished ring mail
 11005 | D:7      | Identified the +1 ring mail of Circular Logic {rCorr} (You found it on level 7 of the Dungeon)
 11118 | D:7      | Found a deep blue altar of Sif Muna.
 11474 | D:7      | Found a runed door.
 11863 | D:7      | Noticed Crazy Yiuf
 11868 | D:7      | Killed Crazy Yiuf
 12328 | D:8      | Noticed a two-headed ogre
 12377 | D:8      | Killed a two-headed ogre
 12431 | D:8      | Reached XP level 10. HP: 47/63 MP: 2/18
 12614 | D:8      | Found a staircase to the Lair.
 12625 | D:8      | Found Xuseotte's Armour Boutique.
 12632 | D:8      | Bought a +2 helmet of see invisible for 301 gold pieces
 13226 | D:9      | Reached skill level 1 in Fighting
 13324 | D:9      | Found Jeyxul's General Store.
 14499 | D:9      | Found a shattered altar of Ashenzari.
 14645 | Temple   | Entered the Ecumenical Temple
 15133 | D:10     | Entered Level 10 of the Dungeon
 15587 | D:10     | Found a staircase to the Orcish Mines.
 16012 | D:11     | Learned a level 5 spell: Fireball
 16369 | D:11     | Noticed a cyclops
 16447 | D:12     | Reached skill level 1 in Short Blades
 16647 | D:12     | Noticed Maurice
 16763 | D:12     | Noticed a cyclops
 16982 | D:12     | Killed a cyclops
 17018 | D:12     | Killed Maurice
 17018 | D:12     | Reached XP level 11. HP: 40/77 MP: 4/21
 17327 | D:12     | Noticed a death drake
 17338 | D:12     | Killed a death drake
 18453 | D:11     | Reached skill level 5 in Fighting
 18453 | D:11     | Reached skill level 1 in Bows
 19106 | D:11     | Noticed an unseen horror
 19112 | D:11     | Killed an unseen horror
 19312 | D:13     | Found a flickering gateway to a bazaar.
 19322 | Bazaar   | Entered a bazaar
 19322 | Bazaar   | Found Jyuhyxaff's Armour Shoppe.
 19322 | Bazaar   | Found Wuattieb's Armour Emporium.
 19326 | Bazaar   | Found Horiamni's Antique Armour Shoppe.
 19339 | Bazaar   | Found Peypt's Food Emporium.
 19387 | D:13     | Noticed a deep elf mage
 19682 | Orc:1    | Entered Level 1 of the Orcish Mines
 19882 | Orc:2    | Entered Level 2 of the Orcish Mines
 19888 | Orc:2    | Noticed an orc sorcerer
 19898 | Orc:2    | Killed an orc sorcerer
 20062 | Orc:2    | Noticed a two-headed ogre
 20072 | Orc:2    | Killed a two-headed ogre
 20202 | Orc:2    | Noticed Snorg
 20263 | Orc:2    | Found a runed door.
 20263 | Orc:2    | Noticed Ef's ghost (journeyman OpTm)
 20317 | Orc:1    | Noticed an ettin
 20319 | Orc:2    | Mangled by a troll

Vault maps used:
D:1:      onia_arrival_pentagram, minmay_misc_feat_doors, st_stairs_4
D:2:      vehumet_crystals, nicolae_gozag_zags_fifth_avenue, uniq_terence
D:3:      lemuel_round_altar, lemuel_coloured_pillars_altar,
          kennysheep_jessica_study, uniq_jessica
D:4:      kennysheep_goblin_castle, trog_eyes_of_draining, first_ration,
          chequers_ossuary_entry_cave, grunt_qazlal_clouds
D:5:      zin_academy, minmay_temple_entry_purple_smoke, ebering_ghost_sewer_d,
          lightli_corner_chamber
D:6:      elyvilon_altar_1, serial_shops, shop, grunt_ministairs_4, uniq_edmund
D:7:      nicolae_overflow_crystal_walls, old_standard_altar, the_bakery,
          uniq_menkaure, uniq_crazy_yiuf_cottage
D:8:      lair_entry_dummy, serial_shops, nicolae_shop_trees
D:9:      kennysheep_mini, serial_shops, shop_statue
D:10:     minmay_orc_entry_guard_dogs
D:11:     grunt_ministairs_14
D:12:     minmay_the_grid_octo_triangle, dk_noncrumbling_3, uniq_maurice
D:13:     serial_shops, bzr_entry_islet
Temple:   minmay_temple_forest_path
Orc:2:    st_orc_mages, gammafunk_ghost_grave, mines2_lemuel, uniq_snorg
Bazaar:   bazaar_minmay_row
Ossuary:  ossuary_zaba_flooded

Skill      XL: |  1  2  3  4  5  6  7  8  9 10 11 |
---------------+----------------------------------+-----
Conjurations   | 1 2 3 5 7 8 9 |  9.1
Spellcasting   | 3 4 5 7 8 |  8.5
Fire Magic     | 3 4 6 7 8 9 |  9.4
Translocations | 1 2 |  2.4
Air Magic      | 1 2 |  2.5
Poison Magic   | 1 2 |  2.4
Fighting       | 4 5 |  5.7
Short Blades   | 2 |  2.2
Bows           | 2 |  2.3
Dodging        | |  1.5
Stealth        | |  1.5

Action                   |  1- 3 |  4- 6 |  7- 9 | 10-12 || total
-------------------------+-------+-------+-------+-------++-------
Melee: Unarmed           |     4 |       |       |       ||     4
       Dagger            |     9 |   135 |   137 |   139 ||   420
 Fire: Shortbow          |       |       |    13 |     6 ||    19
       Longbow           |       |       |       |   143 ||   143
Throw: Tomahawk          |       |     3 |       |       ||     3
 Cast: Flame Tongue      |    59 |   157 |   179 |   140 ||   535
       Throw Flame       |     2 |    11 |    13 |    36 ||    62
       Conjure Flame     |       |     3 |     7 |    11 ||    21
       Mephitic Cloud    |       |     3 |     6 |    32 ||    41
       Blink             |       |       |     3 |     1 ||     4
       Sticky Flame      |       |       |    18 |    29 ||    47
       Fireball          |       |       |       |     4 ||     4
Evoke: Wand              |       |       |       |    10 ||    10
  Use: Scroll            |       |    10 |     9 |     8 ||    27
 Stab: Sleeping          |       |     1 |       |       ||     1
       Confused          |       |       |       |     1 ||     1
Armor: Robe              |     5 |    55 |    44 |    95 ||   199
Dodge: Dodged            |    26 |   117 |   119 |   184 ||   446
Block: Other             |       |    13 |    30 |    39 ||    82
       Reflection        |       |       |     1 |     1 ||     2

Table legend:
 A = Spawn XP
 B = Non-spawn XP
 C = Spawn XP percentage of total XP
 D = Spawn monster count
 E = Non-spawn monster count
 F = Spawn count percentage of total count
 G = Total turns spent on level
                    A         B        C        D         E        F      G
               +---------+---------+-------+---------+---------+-------+---------
         Total |       0 |   18739 |   0.0 |       0 |     329 |   0.0 | 20319
               +---------+---------+-------+---------+---------+-------+---------
           D:1 |       0 |      88 |   0.0 |       0 |      30 |   0.0 |  1589
           D:2 |       0 |      42 |   0.0 |       0 |      17 |   0.0 |  1029
           D:3 |       0 |     107 |   0.0 |       0 |      18 |   0.0 |  1802
           D:4 |       0 |     745 |   0.0 |       0 |      47 |   0.0 |  2809
           D:5 |       0 |     432 |   0.0 |       0 |      24 |   0.0 |  1446
           D:6 |       0 |    1437 |   0.0 |       0 |      30 |   0.0 |  1619
           D:7 |       0 |    1168 |   0.0 |       0 |      18 |   0.0 |  1860
           D:8 |       0 |    2145 |   0.0 |       0 |      21 |   0.0 |  1207
           D:9 |       0 |     680 |   0.0 |       0 |      18 |   0.0 |  1371
          D:10 |       0 |     949 |   0.0 |       0 |      13 |   0.0 |   910
          D:11 |       0 |    2056 |   0.0 |       0 |      24 |   0.0 |  1307
          D:12 |       0 |    5997 |   0.0 |       0 |      43 |   0.0 |  2216
          D:13 |       0 |     474 |   0.0 |       0 |       4 |   0.0 |    59
         Orc:1 |       0 |     187 |   0.0 |       0 |       5 |   0.0 |   395
         Orc:2 |       0 |    2196 |   0.0 |       0 |      15 |   0.0 |   242
       Ossuary |       0 |      36 |   0.0 |       0 |       2 |   0.0 |    22
               +---------+---------+-------+---------+---------+-------+---------
